 Dungeon Crawl Stone Soup version 0.31-a0-1308-ga3cce3a448 (webtiles) character file.

Game seed: 11198152798474257957

700107 grandjackal the Conqueror (level 27, -9/199 HPs)
             Began as a Demonspawn Gladiator on Dec 20, 2023.
             Was the Champion of Okawaru.
             Killed from afar by a Killer Klown (41 damage)
             ... with a klown pie
             ... on level 5 of the Realm of Zot.
             The game lasted 02:01:58 (61897 turns).

grandjackal the Conqueror (Demonspawn Gladiator)   Turns: 61897, Time: 02:01:59

Health: -9/199     AC: 34    Str: 22 (27) XL:     27
Magic:  36/36      EV: 17    Int:  4 (7)  God:    Okawaru [******]
Gold:   6049       SH:  0    Dex: 14 (20) Spells: 26/26 levels left

rFire   + + +        S - +9 longbow (heavy)
rCold   + . .        (shield currently unavailable)
rNeg    + . .        X - +7 gold dragon scales
rPois   +            (helmet unavailable)
rElec   +            u - scarf {rC+ rF+}
rCorr   +            L - +0 pair of gloves of the Game of Life {-Cast Regen+ rCorr Stlth-}
SInv    .            N - +2 pair of boots "Lalilas" {rPois rCorr Dex-2}
Will    +++++        M - amulet of regeneration Stlth
                     q - ring of Hyotariarhy {rN+ Will+ Stlth+}
HPRegen 2.13/turn    H - ring of Nejeogg {+Blink rElec Will++ Str+6 Stlth-}
MPRegen 0.25/turn

%: no spellcasting, random rage (3%)
@: agile, silenced, marked, hasted, studying 3 skills, very quick
A: horns 3, molten scales 3, ignite blood 3, powered by pain 3, augmentation 3,
talons 1, berserk 1, clumsy 1, deformed body, deterioration 2, dopey 1, frail 2,
strong 1, cold vulnerability 1, subdued magic 2, persistent drain
}: 5/15 runes: decaying, serpentine, slimy, silver, abyssal
a: Renounce Religion, Evoke Blink


You were on level 5 of the Realm of Zot.
You worshipped Okawaru.
Okawaru was exalted by your worship.
You visited 12 branches of the dungeon, and saw 56 of its levels.
You visited the Abyss 1 time.
You visited 1 bazaar.
You also visited: Gauntlet, Ice Cave and Wizlab.

You collected 10277 gold pieces.
You spent 4228 gold pieces at shops.

Inventory:

Hand Weapons
 f - the +9 demon blade of Xom's Reproof {freeze, rC++}
   (You found it in a wizard's laboratory)

   rC++:      It greatly protects you from cold.
 S - a +9 heavy longbow (weapon)
Missiles
 d - 22 throwing nets
Armour
 u - a scarf of resistance (worn)
 G - a +2 cloak of preservation
 L - the +0 pair of gloves of the Game of Life (worn) {-Cast Regen+ rCorr Stlth-}
   (You acquired it on level 2 of the Depths)

   -Cast:     It prevents spellcasting.
   Regen+:    It increases your rate of health regeneration.
   rCorr:     It protects you from acid and corrosion.
   Stlth-:    It makes you less stealthy.
 N - the +2 pair of boots "Lalilas" (worn) {rPois rCorr Dex-2}
   (You found it on level 5 of the Vaults)

   Dex-2:     It affects your dexterity (-2).
   rPois:     It protects you from poison rCorr: It protects you from acid and
   corrosion.
 X - +7 gold dragon scales (worn)
Jewellery
 e - a ring of protection from fire
 k - a ring of resist corrosion
 q - the ring of Hyotariarhy (left hand) {rN+ Will+ Stlth+}
   (You found it on level 3 of the Crypt)

   [ring of positive energy]

   rN+:       It protects you from negative energy.
   Will+:     It increases your willpower.
   Stlth+:    It makes you more stealthy.
 D - a ring of see invisible
 H - the ring of Nejeogg (right hand) {+Blink rElec Will++ Str+6 Stlth-}
   (You took it off a vault warden on level 5 of the Vaults)

   [ring of strength]

   Str+6:     It affects your strength (+6).
   rElec:     It insulates you from electricity.
   Will++:    It greatly increases your willpower.
   +Blink:    It lets you blink.
   Stlth-:    It makes you less stealthy.
 I - a ring of protection from cold
 M - an amulet of regeneration (around neck)
 Q - a ring of magical power
 U - the ring "Katsisto" {rN+ Str-5 Dex+2 Stlth+}
   (You found it on level 3 of the Crypt)

   [ring of positive energy]

   Str-5:     It affects your strength (-5).
   Dex+2:     It affects your dexterity (+2).
   rN+:       It protects you from negative energy.
   Stlth+:    It makes you more stealthy.
 V - a ring of poison resistance
Wands
 h - a wand of digging (28)
 v - a wand of flame (161)
 y - a wand of roots (52)
 J - a wand of polymorph (27)
 T - a wand of acid (47)
 Z - a wand of mindburst (29)
Scrolls
 a - 8 scrolls of silence
 b - 9 scrolls of immolation
 c - 4 scrolls of torment
 o - 5 scrolls of fear
 p - 27 scrolls of teleportation
 s - 13 scrolls of poison
 t - 4 scrolls of blinking
 z - 10 scrolls of fog
 A - 10 scrolls of revelation
 C - 2 scrolls of brand weapon
 F - 32 scrolls of identify
 Y - 7 scrolls of vulnerability
Potions
 g - 3 potions of enlightenment
 i - 25 potions of curing
 j - 7 potions of resistance
 l - 11 potions of heal wounds
 m - 3 potions of ambrosia
 n - 3 potions of magic
 w - 6 potions of invisibility
 x - 10 potions of haste
 B - 5 potions of lignification
 K - a potion of cancellation
 O - 8 potions of berserk rage
 P - 12 potions of might
Miscellaneous
 r - a lightning rod (4/4)


   Skills:
 O Level 27 Fighting
 - Level 2.8 Long Blades
 - Level 22.6 Ranged Weapons
 - Level 2.0 Throwing
 + Level 21.8 Armour
 + Level 19.6 Dodging
 - Level 19.2 Invocations
 + Level 17.4 Evocations


You had 26 spell levels left.
You didn't know any spells.
Your spell library contained the following spells:

 Spells                   Type           Power      Damage    Failure   Level
 Foxfire                  Conj/Fire      0%         2x1d4     100%        1
 Kiss of Death            Conj/Necr      0%         2d5       100%        1
 Necrotise                Necr           0%         1d4       100%        1
 Blink                    Tloc           0%         N/A       100%        2
 Lesser Beckoning         Tloc           0%         N/A       100%        2
 Momentum Strike          Conj/Tloc      0%         3d8       100%        2
 Poisonous Vapours        Pois/Air       0%         N/A       100%        2
 Static Discharge         Conj/Air       0%         3-3/arc   100%        2
 Sublimation of Blood     Necr           0%         N/A       100%        2
 Confusing Touch          Hex            0%         N/A       100%        3
 Dazzling Flash           Conj/Hex       0%         N/A       100%        3
 Gell's Gravitas          Tloc           0%         N/A       100%        3
 Inner Flame              Hex/Fire       0%         N/A       100%        3
 Mephitic Cloud           Conj/Pois/Air  0%         N/A       100%        3
 Ozocubu's Armour         Ice            0%         N/A       100%        3
 Teleport Other           Tloc           0%         N/A       100%        3
 Vampiric Draining        Necr           0%         2d6       100%        3
 Volatile Blastmotes      Fire/Tloc      0%         2d10      100%        3
 Brom's Barrelling Bould  Conj/Erth      0%         2d3       100%        4
 Cause Fear               Hex            0%         N/A       100%        4
 Dispel Undead            Necr           0%         3d6       100%        4
 Manifold Assault         Tloc           0%         N/A       100%        4
 Passage of Golubria      Tloc           0%         N/A       100%        4
 Petrify                  Tmut/Erth      0%         N/A       100%        4
 Vhi's Electric Charge    Tloc/Air       0%         N/A       100%        4
 Agony                    Necr           0%         N/A       100%        5
 Arcjolt                  Conj/Air       0%         1d10      100%        5
 Fireball                 Conj/Fire      0%         3d3       100%        5
 Freezing Cloud           Conj/Ice/Air   0%         6-21      100%        5
 Irradiate                Conj/Tmut      0%         3d11      100%        5
 Iskenderun's Battlesphe  Conj           0%         2d6       100%        5
 Metabolic Englaciation   Hex/Ice        0%         N/A       100%        5
 Silence                  Hex/Air        0%         N/A       100%        5
 Yara's Violent Unravell  Hex/Tmut       0%         3d3       100%        5
 Bombard                  Conj/Erth      0%         9d1       100%        6
 Conjure Ball Lightning   Conj/Air       0%         3x3d6     100%        6
 Dispersal                Tloc           0%         N/A       100%        6
 Plasma Beam              Fire/Air       0%         2x1d10    100%        6
 Starburst                Conj/Fire      0%         6d3       100%        6
 Enfeeble                 Hex            0%         N/A       100%        7
 Orb of Destruction       Conj           0%         9d5       100%        7
 Ozocubu's Refrigeration  Ice            0%         4d7       100%        7
 Disjunction              Tloc           0%         N/A       100%        8
 Lehudib's Crystal Spear  Conj/Erth      0%         10d2      100%        8
 Maxwell's Capacitive Co  Air            0%         ∞         100%        8
 Chain Lightning          Conj/Air       0%         N/A       100%        9
 Death's Door             Necr           0%         N/A       100%        9
 Polar Vortex             Ice            0%         N/A       100%        9
 Tukima's Dance           Hex            Unusable   N/A       N/A         3
 Animate Armour           Summ/Erth      Unusable   N/A       N/A         4
 Simulacrum               Ice/Necr       Unusable   N/A       N/A         6
 Haunt                    Necr/Summ      Unusable   N/A       N/A         7
 Spellforged Servitor     Conj/Summ      Unusable   N/A       N/A         7
 Dragon's Call            Summ           Unusable   N/A       N/A         9

Dungeon Overview and Level Annotations

Branches:
Dungeon (15/15)            Temple (1/1) D:6            Lair (5/5) D:8
  Swamp (4/4) Lair:3        Snake (4/4) Lair:2        Slime (5/5) Lair:4
    Orc (2/2) D:9             Elf (3/3) Orc:2        Vaults (5/5) D:14
  Crypt (3/3) Vaults:3       Tomb (0/3) Crypt:3      Depths (4/4) D:15
    Zot (5/5) Depths:4      IceCv (visited)          WizLab (visited)
Gauntlet (visited)

Altars:
Ashenzari
Cheibriados
Dithmenos
Fedhas
Gozag
Hepliaklqana
Kikubaaqudgha
Makhleb
Nemelex Xobeh
Okawaru
Qazlal
Ru
Sif Muna
Trog
Uskayaw
Vehumet
Wu Jian
Xom
Yredelemnul
Jiyva

Shops:
D:9 *   D:13 !   Orc:1 (   Orc:2 !(**   Vaults:1 :   Vaults:2 [=   Vaults:4 *
Zot:4 *   Depths:1 ?(**

Portals:
Hell: Depths:1 Depths:2 Depths:3 Depths:4
Abyss: Depths:3
Pandemonium: Depths:2 Depths:3
Ziggurat: Depths:4
Trove: Vaults:4 (give 10 potions of heal wounds)

Annotations:
D:4 3 runed translucent doors, Darkkill's ghost, novice MiHu
D:8 2 transporters, SecretSquirrel's ghost, journeyman TeVM
D:13 2 transporters, jlumianski's ghost, journeyman GnSh
Lair:1 1 runed translucent door, Hefiv's ghost, novice GnCK
Elf:2 3 runed translucent doors
Depths:2 8 transporters
Zot:4 3 runed translucent doors, exclusion: obsidian statue, Qaniympis's ghost, veteran DgEE


Innate Abilities, Weirdness & Mutations

You have a pair of large horns on your head.
You are completely covered in molten scales. (AC +4, rF+)
Your demonic aura causes all spilled blood to erupt in flames.
You are powered by pain.
Your magical and physical power is greatly enhanced at high health.
You have sharp toenails.
You sometimes lose your temper in combat.
You are clumsy. (Dex -2)
Armour fits poorly on your strangely shaped body.
Your body often deteriorates upon taking damage.
You are dopey. (Int -2)
You are very frail. (-20% HP)
Your muscles are strong. (Str +4, Int/Dex -1)
You are vulnerable to cold. (rC-)
Your spells are easier to cast, but less powerful.
Your health recovers twice as slowly from being drained.


Message History

Aim: a storm dragon (almost dead, berserk, 80% to hit)
You shoot an arrow.
The arrow hits the storm dragon but does no damage.
The storm dragon is almost dead.
The storm dragon misses you.
The storm dragon claws you but does no damage.
The storm dragon tramples you but does no damage.
The storm dragon misses you. The storm dragon closely misses you.
The storm dragon tramples you but does no damage.
Unknown command.
Unknown command.
Fire: S) +9 longbow (heavy)
Press: ? - help, Q - select action, (/) - cycle Shift-Dir - straight line, f/p - storm dragon
Aim: a storm dragon (almost dead, berserk, 80% to hit)
You shoot an arrow. The arrow hits the storm dragon!!
You kill the storm dragon!
Okawaru accepts your kill.
The curse toe calls on the powers of darkness!
The Killer Klown convulses!
Your body is wracked with pain!
* * * LOW HITPOINT WARNING * * *
The Killer Klown blinks!
You feel your strength returning.
Unknown command.
Fire: S) +9 longbow (heavy)
Press: ? - help, Q - select action, (/) - cycle Shift-Dir - straight line, f - Killer Klown
Aim: a Killer Klown, wielding a +8 club (heavily wounded, 72% to hit)
You shoot an arrow.
The arrow hits the Killer Klown but does no damage.
The Killer Klown is heavily wounded.
The curse toe calls on the powers of darkness!
Your body is wracked with pain!
* * * LOW HITPOINT WARNING * * *
The Killer Klown pies you viciously! The klown pie hits you!
Raspberry!
You feel weakened.
You feel dopey.
You feel clumsy.
* * * LOW HITPOINT WARNING * * *
You feel much better. The Killer Klown pies you viciously!
The klown pie hits you!!!
Blueberry!
An unnatural silence engulfs you.
You die...

**..........,,,,,,,,,*
**.?......,,,,,,,****
▓▓....°##▓▓▓▓▓▓▓▓▓▓▓
##..$.☼..............
##.^..°z..........##..
##...°........).....###
#....)°○.^.^.^.......##
#....?○..............#
#....§@☼.............#
#....§.........^.....#
#....................#
#......p...........^.#
##..................##
##................##
##..............##
▓▓▓▓▓▓▓▓▓▓################▓▓▓▓
#....................^.....).(


You could see a Killer Klown and a curse toe.

Vanquished Creatures
  the Royal Jelly (Slime:5)
  Frederick (Crypt:3)
  4 dread liches
  4 ancient liches
  7 orbs of fire
  Mara (Depths:2)
  Mennas (Vaults:2)
  Vv (Depths:3)
  Bai Suzhen (Depths:1)
  3 Killer Klowns (Zot:5)
  Nikola (Vaults:3)
  9 golden dragons
  3 curse toes
  2 profane servitors (Crypt:3)
  A Hellbinder (WizLab)
  Jory (Crypt:3)
  2 bone dragons
  3 electric golems
  Jorgrun (Snake:3)
  Zenata (Vaults:3)
  19 tentacled monstrosities
  2 hellephants
  2 liches
  17 Orb Guardians (Zot:5)
  Asterion (Depths:2)
  7 quicksilver dragons
  4 deep elf master archers (Elf:3)
  2 deep elf blademasters (Elf:3)
  7 titans (Vaults:5)
  3 sphinxes
  An eldritch tentacle (Abyss:4)
  2 ancient champions
  5 death cobs
  6 tentacled starspawn
  14 acid blobs
  15 shadow dragons
  4 tengu reavers
  Donald (Vaults:4)
  12 storm dragons
  Aizul (Snake:1)
  2 thorn hunters (Swamp:4)
  9 draconian monks
  A draconian knight (Zot:5)
  5 revenants
  3 fire giants (Vaults:5)
  11 azure jellies
  Roxanne (Swamp:2)
  3 protean progenitors
  17 nagarajas
  19 rockslimes
  20 vault wardens
  An iron dragon (Vaults:2)
  7 draconian scorchers
  2 balrugs
  Louise (D:15)
  11 draconian shifters
  9 frost giants
  3 ghost moths
  5 deep elf sorcerers
  5 draconian stormcallers
  3 curse skulls
  14 ghouls
  3 deep elf elementalists (Elf:3)
  A juggernaut zombie (Crypt:3)
  21 ironbound preservers
  A spriggan defender (Depths:3)
  A caustic shrike zombie (Crypt:1)
  5 draconian annihilators
  2 orc warlords
  8 war gargoyles
  7 formless jellyfish
  10 stone giants
  4 vampire knights
  A quicksilver ooze (shapeshifter) (Vaults:1)
  18 quicksilver oozes
  12 very ugly things
  23 green draconians
  An eleionoma (Swamp:2)
  4 ironbound thunderhulks
  3 deep elf demonologists (Elf:3)
  10 yellow draconians
  2 lorocyprocas (WizLab)
  6 deep elf annihilators
  A minotaur (Gauntlet)
  11 deep elf death magi
  10 red draconians
  8 white draconians
  8 spark wasps (Depths:3)
  4 bunyips
  18 dire elephants
  10 purple draconians
  8 ettins
  A blizzard demon (WizLab)
  9 black draconians
  7 jiangshi
  3 fire dragons
  3 shambling mangroves
  2 green deaths
  A crystal guardian (Vaults:3)
  5 eidola (Crypt:3)
  3 mummy priests
  Josephine (D:15)
  11 deep elf high priests
  2 entropy weavers
  2 spriggan zombies
  16 yaktaur captains
  A hell beast (WizLab)
  4 rakshasas
  28 vault guards
  Erolcha (Orc:1)
  10 great orbs of eyes
  7 ice dragons
  8 alligators
  28 hydras
  5 death knights
  3 salamander tyrants
  3 ironbound frosthearts
  A merfolk avatar (Abyss:4)
  A fenstrider witch zombie (Crypt:3)
  A spriggan air mage (D:15)
  10 two-headed ogres
  8 centaur warriors
  6 ogre magi
  A spriggan skeleton (Crypt:2)
  5 catoblepae
  3 peacekeepers (Vaults:3)
  6 boulder beetles
  10 anacondas
  18 death yaks
  11 dancing weapons
  2 hell hogs
  4 deep troll shamans
  23 naga warriors
  A titan zombie (Crypt:3)
  4 orc high priests
  4 occultists
  9 soul eaters
  6 vampire magi
  4 deep troll earth magi
  13 naga sharpshooters
  4 shock serpents
  4 spriggan berserkers
  7 sun demons
  4 tengu warriors
  14 hell knights
  Urug (D:9)
  13 deep elf knights
  28 skeletal warriors
  Amaemon (D:8)
  5 salamander mystics
  2 wretched stars
  A shadow wraith (Crypt:2)
  A skyshark (Lair:5)
  2 bunyip zombies (Crypt:3)
  7 goliath frogs
  6 iron trolls
  A storm dragon skeleton (Crypt:2)
  A skyshark (shapeshifter) (Vaults:5)
  A death drake (Swamp:3)
  A spriggan druid (Swamp:4)
  11 swamp dragons
  A death drake (shapeshifter) (D:15)
  2 deep trolls (shapeshifter) (Vaults:5)
  54 deep trolls
  9 bog bodies
  5 flayed ghosts
  An anaconda zombie (Crypt:3)
  7 arcanists
  4 shadow demons (WizLab)
  2 glowing orange brains
  11 orc knights
  8 naga ritualists
  10 large abominations
  29 phantasmal warriors
  9 necromancers
  17 ironbound convokers
  11 deep elf archers
  13 lindwurms
  Pikel (D:4)
  22 deep elf zephyrmancers
  A wolf spider zombie (Crypt:1)
  21 deep elf pyromancers
  6 shining eyes
  25 ugly things
  11 mana vipers
  A draconian zombie (Crypt:3)
  24 salamanders
  5 orc sorcerers (Orc:2)
  A wolf spider (Crypt:3)
  An alligator skeleton (Crypt:2)
  A faun (shapeshifter) (D:15)
  8 manticores
  An oklob plant (Gauntlet)
  2 will-o-the-wisps (Swamp:3)
  6 cyclopes
  A worldbinder (Abyss:1)
  11 guardian serpents
  4 kobold blastminers
  An ice statue (IceCv)
  2 dire elephant zombies (Crypt:3)
  2 eyes of devastation
  5 smoke demons
  25 moths of wrath
  A centaur zombie (Crypt:3)
  A stone giant skeleton (Vaults:2)
  2 rust devils (WizLab)
  16 elephants
  An orc zombie (Crypt:1)
  29 black mambas
  2 eyes of devastation (shapeshifter) (Vaults:5)
  Maggie (D:10)
  A hellion (WizLab)
  8 orange demons
  17 vault sentinels
  23 naga magi
  19 cane toads
  An alligator snapping turtle zombie (Crypt:1)
  3 centaur skeletons (D:14)
  An orb spider zombie (Crypt:1)
  A torpor snail (shapeshifter) (Depths:1)
  3 rime drakes
  A human zombie (Vaults:5)
  8 komodo dragons
  3 ancient zymes (Abyss:1)
  A tormentor (WizLab)
  A white draconian zombie (Crypt:1)
  2 efreet (Abyss:4)
  42 yaktaurs
  2 anaconda simulacra (IceCv)
  Psyche (D:11)
  4 red devils (WizLab)
  5 guardian mummies
  2 tengu conjurers
  An unseen horror skeleton (Crypt:2)
  4 hellwings
  A human skeleton (Vaults:5)
  14 freezing wraiths
  A great orb of eyes zombie (Crypt:2)
  12 trolls
  A purple draconian skeleton (Crypt:2)
  A troll (shapeshifter) (D:15)
  2 harpy skeletons (Crypt:1)
  A wind drake (shapeshifter) (Vaults:5)
  5 polar bears
  24 blink frogs
  A meliai (shapeshifter) (D:10)
  Grinder (D:3)
  2 queen bees
  13 hornets
  Prince Ribbit (D:6)
  7 tyrant leeches
  11 raiju
  10 dream sheep
  2 ettin zombies
  139 slime creatures
  7 glass eyes
  2 fire giant simulacra (Vaults:1)
  A culicivora (Vaults:5)
  9 spriggans
  Sigmund (D:2)
  2 dire elephant simulacra
  4 jumping spiders (Crypt:3)
  12 flying skulls
  5 air elementals
  3 shadows
  18 wraiths
  4 fire bats
  2 elf skeletons (Vaults:1)
  5 wyverns
  3 fire elementals
  A warg (Orc:1)
  8 basilisks
  An ushabti (Crypt:3)
  5 water elementals
  35 yaks
  5 golden eyes
  A chaos spawn (Abyss:1)
  11 redbacks
  7 death yak simulacra
  A yaktaur simulacrum (Vaults:2)
  A steam dragon (D:8)
  2 harpy simulacra
  23 vampire mosquitoes
  An elf simulacrum (Vaults:5)
  A human simulacrum (Vaults:5)
  A neqoxec (Abyss:4)
  Menkaure (D:14)
  46 nagas
  14 swamp worms
  16 water moccasins
  4 acid dragons
  A glowing shapeshifter zombie (Vaults:1)
  2 hydra simulacra (IceCv)
  A naga zombie (Crypt:3)
  Duvessa (D:6)
  A hell hound (Gauntlet)
  24 orc warriors
  2 sky beasts
  10 swamp drakes
  A cane toad skeleton (Crypt:2)
  2 black bears
  An ice beast (D:5)
  29 wolves
  12 ogres
  2 centaurs
  A wolf (shapeshifter) (Orc:2)
  A boggart (D:14)
  A salamander zombie (Crypt:1)
  4 kobold brigands
  A bullfrog (shapeshifter) (Depths:4)
  11 bullfrogs
  14 necrophages
  2 earth elementals
  8 gnoll sergeants
  5 small abominations
  8 two-headed ogre simulacra (IceCv)
  3 scorpions
  3 cane toad simulacra (IceCv)
  5 wights (D:9)
  6 wyvern skeletons (Crypt:3)
  Dowan (D:6)
  A water moccasin skeleton (Crypt:2)
  3 elephant simulacra
  20 killer bees
  A yak zombie (Crypt:2)
  6 electric eels
  A bullfrog zombie (Crypt:1)
  9 hounds
  20 orc priests
  A jelly (D:5)
  8 starcursed masses (Abyss:4)
  4 gnoll boudas
  Terence (D:3)
  A scorpion zombie (Crypt:2)
  A sleepcap (D:5)
  Natasha (thrice) (D:2)
  7 iguanas
  27 orc wizards
  3 polar bear simulacra
  6 hell rats
  4 spriggan simulacra
  3 troll simulacra (IceCv)
  A boggart skeleton (D:14)
  2 wolf simulacra
  An acid dragon skeleton (Crypt:1)
  A crocodile skeleton (Crypt:2)
  3 mummies
  60 gnolls
  A howler monkey skeleton (Crypt:1)
  10 adders
  9 naga simulacra
  A shadow imp (D:7)
  11 white imps
  8 ufetubi
  6 worms
  4 dart slugs
  89 orcs
  6 endoplasms
  4 giant cockroaches
  8 goblins
  16 hobgoblins
  10 jackals
  11 kobolds
  3 quokkas
  6 ball pythons
  4 bats
  2 frilled lizards
  A gnoll skeleton (Crypt:2)
  A goblin zombie (Crypt:1)
  A jackal skeleton (Crypt:1)
  4 rats
  A river rat skeleton (Crypt:2)
  A lurking horror (Abyss:1)
  5 starspawn tentacles (Abyss:1)
2660 creatures vanquished.

Vanquished Creatures (others)
  A shadow dragon (Zot:2)
  A draconian knight (Zot:5)
  A fire dragon (Depths:3)
  An anaconda (Snake:4)
  A deep elf knight (Elf:2)
  A sun demon (Depths:2)
  A deep elf pyromancer (Elf:2)
  An ugly thing (Depths:3)
  A manticore (D:13)
  2 centaur simulacra (D:13)
  An orc warrior (Vaults:5)
  An orc priest (Elf:2)
  An orc (Elf:2)
  18 foxfires (Swamp:3)
  6 starspawn tentacles
38 creatures vanquished.

Grand Total: 2698 creatures vanquished

Notes
Turn   | Place    | Note
-------+----------+-------------------------------------------
     0 | D:1      | grandjackal the Demonspawn Gladiator began the quest for
                  | the Orb.
     0 | D:1      | Reached XP level 1. HP: 16/16 MP: 1/1
    92 | D:1      | Gained mutation: Your demonic aura sometimes causes spilled
                  | blood to erupt in flames. [demonic ancestry]
    92 | D:1      | Reached XP level 2. HP: 20/22 MP: 2/2
   700 | D:1      | Gained mutation: Your demonic aura often causes spilled
                  | blood to erupt in flames. [demonic ancestry]
   700 | D:1      | Reached XP level 3. HP: 28/28 MP: 3/3
  1015 | D:2      | Reached skill level 3 in Fighting
  1096 | D:2      | Noticed Sigmund
  1099 | D:2      | Killed Sigmund
  1100 | D:2      | Gained mutation: You have a pair of small horns on your
                  | head. [demonic ancestry]
  1100 | D:2      | Reached XP level 4. HP: 37/37 MP: 4/4
  1100 | D:2      | Gained mutation: You are partially covered in molten
                  | scales. (AC +2) [demonic ancestry]
  1100 | D:2      | Reached XP level 5. HP: 42/42 MP: 5/5
  1106 | D:2      | Reached skill level 4 in Fighting
  1229 | D:2      | Noticed Natasha
  1235 | D:2      | Killed Natasha
  1236 | D:2      | Gained mutation: Your demonic aura causes all spilled blood
                  | to erupt in flames. [demonic ancestry]
  1236 | D:2      | Reached XP level 6. HP: 28/48 MP: 6/6
  1462 | D:2      | Noticed a great orb of eyes
  1471 | D:2      | Found a faded altar of an unknown god.
  1476 | D:2      | Noticed a shining eye
  1476 | D:2      | Noticed a golden eye
  1476 | D:2      | Noticed a great orb of eyes
  1544 | D:2      | Found a blossoming altar of Fedhas.
  1590 | D:2      | Noticed Natasha
  1593 | D:2      | Killed Natasha
  1702 | D:2      | Noticed Natasha
  1705 | D:2      | Killed Natasha
  1739 | D:3      | Noticed Terence
  1750 | D:3      | Killed Terence
  2189 | D:3      | Found a broken altar of Ashenzari.
  2421 | D:3      | Noticed Grinder
  2429 | D:3      | Paralysed by Grinder for 2 turns
  2442 | D:3      | Paralysed by Grinder for 5 turns
  2451 | D:3      | Killed Grinder
  2452 | D:3      | Reached skill level 5 in Fighting
  2452 | D:3      | Reached XP level 7. HP: 52/56 MP: 7/7
  2632 | D:4      | Reached skill level 5 in Dodging
  2938 | D:4      | Noticed Pikel
  2948 | D:4      | Killed Pikel
  2949 | D:4      | Reached skill level 6 in Fighting
  2949 | D:4      | Gained mutation: You have a pair of horns on your head.
                  | [demonic ancestry]
  2949 | D:4      | Reached XP level 8. HP: 42/65 MP: 8/8
  3302 | D:4      | Found a runed translucent gate.
  3304 | D:4      | Found a runed translucent gate.
  3304 | D:4      | Noticed Darkkill's ghost (novice MiHu)
  3305 | D:4      | Found a runed translucent gate.
  3529 | D:5      | Entered Level 5 of the Dungeon
  3597 | D:5      | Reached skill level 5 in Ranged Weapons
  4048 | D:5      | Reached skill level 7 in Fighting
  4340 | D:5      | Gained mutation: You are mostly covered in molten scales.
                  | (AC +3) [demonic ancestry]
  4340 | D:5      | Reached XP level 9. HP: 69/72 MP: 9/9
  5100 | D:6      | Noticed Duvessa
  5103 | D:6      | Noticed Prince Ribbit
  5104 | D:6      | Noticed Dowan
  5127 | D:6      | Killed Duvessa
  5138 | D:6      | Killed Dowan
  5147 | D:6      | Killed Prince Ribbit
  5183 | D:6      | Found a stormy altar of Qazlal.
  5243 | D:6      | Found a staircase to the Ecumenical Temple.
  5253 | Temple   | Entered the Ecumenical Temple
  5281 | Temple   | Became a worshipper of Warmaster Okawaru
  5398 | D:6      | Reached skill level 1 in Invocations
  5430 | D:6      | Reached skill level 8 in Fighting
  5511 | D:6      | Found an opulent altar of Gozag.
  5616 | D:6      | Noticed a troll
  5650 | D:6      | Killed a troll
  5650 | D:6      | Reached * piety under Okawaru
  5747 | D:6      | Noticed a troll
  5759 | D:6      | Killed a troll
  5940 | D:6      | Found a shimmering altar of Xom.
  6386 | D:7      | Found a burning altar of Makhleb.
  6425 | D:7      | Reached XP level 10. HP: 82/82 MP: 13/13
  6472 | D:7      | Found a shadowy altar of Dithmenos.
  6598 | D:7      | Noticed a manticore
  6605 | D:7      | Killed a manticore
  6606 | D:7      | Reached skill level 9 in Fighting
  6606 | D:7      | Reached skill level 5 in Invocations
  6882 | D:8      | Reached ** piety under Okawaru
  7352 | D:8      | Identified the +8 chain mail "Uxodebi" {rN+ Will+ Int-5
                  | Dex+3}
  7431 | D:8      | Found a staircase to the Lair.
  7528 | D:8      | Reached *** piety under Okawaru
  7626 | D:8      | Noticed an angel
  7681 | D:8      | Noticed an orange demon
  7682 | D:8      | Noticed Amaemon
  7693 | D:8      | Killed Amaemon
  7694 | D:8      | Reached skill level 10 in Fighting
  7708 | D:8      | Killed an orange demon
  7879 | D:8      | Reached **** piety under Okawaru
  7977 | D:8      | Found a basalt altar of Yredelemnul.
  7984 | D:8      | Noticed a profane servitor
  8030 | D:8      | Noticed a moth of wrath
  8032 | D:8      | Noticed SecretSquirrel's ghost (journeyman TeVM)
  8036 | D:8      | Found a transporter.
  8045 | D:8      | Found a bloodstained altar of Trog.
  8054 | D:8      | Found a transporter.
  8558 | D:9      | Reached XP level 11. HP: 91/91 MP: 17/17
  8955 | D:9      | Found a staircase to the Orcish Mines.
  9856 | D:9      | Found Mujuri's General Store.
  9883 | D:9      | Bought a potion of resistance for 160 gold pieces
  9883 | D:9      | Bought a potion of heal wounds for 80 gold pieces
  9883 | D:9      | Bought a scroll of poison for 64 gold pieces
  9883 | D:9      | Bought a potion of attraction for 48 gold pieces
 10323 | D:10     | Entered Level 10 of the Dungeon
 10493 | D:10     | Reached skill level 11 in Fighting
 10656 | D:10     | Reached skill level 10 in Invocations
 10669 | D:10     | Reached ***** piety under Okawaru
 11321 | D:10     | Noticed Maggie
 11327 | D:10     | Killed Maggie
 11406 | D:11     | Received a gift from Okawaru
 11407 | D:11     | Reached skill level 10 in Ranged Weapons
 11408 | D:11     | Noticed a two-headed ogre
 11409 | D:11     | Noticed a boulder beetle
 11416 | D:11     | Killed a two-headed ogre
 11429 | D:10     | Gained mutation: You have a pair of large horns on your
                  | head. [demonic ancestry]
 11429 | D:10     | Reached XP level 12. HP: 39/101 MP: 20/20
 11619 | D:11     | Killed a boulder beetle
 11801 | D:11     | Noticed Psyche
 11806 | D:11     | Killed Psyche
 11882 | D:11     | Reached skill level 12 in Fighting
 12271 | D:11     | Received a gift from Okawaru
 13606 | Orc:1    | Entered Level 1 of the Orcish Mines
 13690 | Orc:1    | Noticed Urug
 13712 | D:9      | Killed Urug
 13720 | Orc:1    | Noticed an orc warlord
 13791 | D:9      | Killed an orc warlord
 14066 | Orc:2    | Entered Level 2 of the Orcish Mines
 14183 | Orc:2    | Found a staircase to the Elven Halls.
 14192 | Orc:2    | Reached skill level 13 in Fighting
 14361 | Orc:2    | Noticed an orc high priest
 14362 | Orc:2    | Received a gift from Okawaru
 14363 | Orc:2    | Reached XP level 13. HP: 111/111 MP: 23/23
 14635 | Orc:2    | Reached ****** piety under Okawaru
 14866 | Orc:2    | Found Aqeerph's Distillery.
 14871 | Orc:2    | Found Juijeit's General Store.
 14882 | Orc:2    | Bought a potion of resistance for 130 gold pieces
 14882 | Orc:2    | Bought a potion of curing for 39 gold pieces
 14885 | Orc:2    | Bought a scroll of revelation for 75 gold pieces
 14885 | Orc:2    | Found Mifaheum's General Store.
 14887 | Orc:2    | Found Arorgheg's Weapon Emporium.
 14893 | Orc:2    | Bought a potion of curing for 45 gold pieces
 15017 | Orc:1    | Found Pyopp's Weapon Shop.
 15057 | Orc:1    | Noticed Erolcha
 15072 | Orc:1    | Killed Erolcha
 15072 | Orc:1    | Received a gift from Okawaru
 15077 | Orc:1    | Acquired a +1 heavy longbow
 15077 | Orc:1    | Received a gift from Okawaru
 15356 | Lair:1   | Entered Level 1 of the Lair of Beasts
 15444 | Lair:1   | Found a runed translucent door.
 15445 | Lair:1   | Noticed Hefiv's ghost (novice GnCK)
 15741 | Lair:1   | Reached skill level 14 in Fighting
 16280 | Lair:2   | Received a gift from Okawaru
 16377 | Lair:1   | Acquired a +1 pair of gloves of stealth
 16377 | Lair:1   | Received a gift from Okawaru
 16415 | Lair:2   | Reached skill level 15 in Invocations
 16476 | Lair:2   | Found a staircase to the Snake Pit.
 16845 | Lair:2   | Identified the blade talisman "Diuwoa" {Int+6 Dex+3}
 17027 | Lair:2   | Received a gift from Okawaru
 17382 | Lair:3   | Found a gate leading to a gauntlet.
 17391 | Gauntlet | Entered a Gauntlet
 17391 | Gauntlet | Found a transporter.
 17391 | Gauntlet | Found a transporter.
 17392 | Gauntlet | Found a transporter.
 17393 | Gauntlet | Found a transporter.
 17393 | Gauntlet | Found a transporter.
 17396 | Gauntlet | Found a transporter.
 17407 | Gauntlet | Found a transporter.
 17407 | Gauntlet | Found a transporter.
 17408 | Gauntlet | Found a transporter.
 17410 | Gauntlet | Found a transporter.
 17421 | Gauntlet | Found a runed translucent door.
 17433 | Gauntlet | Found a transporter.
 17434 | Gauntlet | Found a transporter.
 17526 | Gauntlet | Identified the +5 chain mail of Awe {Will+ Str-5 Dex+3}
 17617 | Gauntlet | Gained mutation: You sometimes gain a little power by
                  | taking damage. [demonic ancestry]
 17617 | Gauntlet | Reached XP level 14. HP: 117/121 MP: 25/25
 17647 | Gauntlet | Identified the staff "Zusia" {rPois rC+ rN++ Str-2 Dex+2
                  | Ice}
 17648 | Gauntlet | Identified the ring of Kuluzxam {^Contam +Blink rF- AC+4
                  | SInv}
 17769 | Gauntlet | Identified the +7 halberd of the Forest {drain, Int+5}
 17793 | Gauntlet | Identified the +10 rapier of Youthful Indiscretion {venom,
                  | *Noise Int+9 SInv}
 17793 | Gauntlet | Identified the staff of Ammaaborgh {rF++ Earth}
 17866 | Lair:3   | Found a frozen archway.
 17893 | IceCv    | Entered an ice cave
 18677 | IceCv    | Received a gift from Okawaru
 18971 | Lair:3   | Found a snail-covered altar of Cheibriados.
 19001 | Lair:3   | Reached skill level 15 in Fighting
 19052 | Lair:3   | Found a staircase to the Swamp.
 19332 | Lair:3   | Received a gift from Okawaru
 19383 | Lair:3   | Identified the ring "Heziosto" {rPois MP+9 AC+4 Dex-5
                  | Stlth+}
 19889 | Lair:4   | Found a viscous altar of Jiyva.
 19925 | Lair:4   | Found a staircase to the Slime Pits.
 20535 | Lair:5   | Entered Level 5 of the Lair of Beasts
 20788 | Lair:5   | Received a gift from Okawaru
 20939 | Lair:5   | Reached XP level 15. HP: 130/130 MP: 27/27
 20983 | Lair:5   | Reached skill level 16 in Fighting
 21373 | Lair:5   | Received a gift from Okawaru
 21425 | Lair:5   | Found a hide-covered altar of Uskayaw.
 21426 | Lair:5   | Found an ornate altar of the Wu Jian Council.
 21489 | Lair:5   | Received a gift from Okawaru
 21790 | D:13     | Found Akhys's Distillery.
 21810 | D:13     | Bought a potion of heal wounds for 65 gold pieces
 21810 | D:13     | Bought 2 potions of resistance for 260 gold pieces
 21827 | D:13     | Found a transporter.
 21830 | D:13     | Noticed jlumianski's ghost (journeyman GnSh)
 21853 | D:13     | Found a transporter.
 22325 | D:14     | Received a gift from Okawaru
 22361 | D:14     | Reached skill level 15 in Ranged Weapons
 22766 | D:14     | Reached skill level 17 in Fighting
 23025 | D:14     | Received a gift from Okawaru
 23116 | D:14     | Noticed Menkaure
 23117 | D:14     | Killed Menkaure
 23209 | D:14     | Identified the +4 battleaxe "Ogreslayer" {freeze, Str+6}
 23272 | D:14     | Found a gate to the Vaults.
 23370 | D:15     | Entered Level 15 of the Dungeon
 23414 | D:15     | Reached XP level 16. HP: 141/141 MP: 29/29
 23415 | D:15     | Noticed Louise
 23435 | D:15     | Killed Louise
 23590 | D:15     | Noticed Josephine
 23593 | D:15     | Killed Josephine
 23598 | D:15     | Received a gift from Okawaru
 23928 | D:15     | Found a staircase to the Depths.
 24172 | Snake:1  | Entered Level 1 of the Snake Pit
 24300 | Snake:1  | Identified the serpent talisman "Meidel" {Will- Str+6}
 24300 | Snake:1  | Noticed Aizul
 24307 | Snake:1  | Killed Aizul
 24307 | Snake:1  | Received a gift from Okawaru
 24309 | Snake:1  | Reached skill level 18 in Fighting
 24832 | Snake:2  | Reached skill level 1 in Armour
 24967 | Snake:2  | Identified a scroll of acquirement
 25048 | Snake:2  | Received a gift from Okawaru
 25812 | Snake:3  | Received a gift from Okawaru
 26105 | Snake:3  | Reached XP level 17. HP: 128/151 MP: 30/30
 26126 | Snake:3  | Reached skill level 5 in Armour
 26126 | Snake:3  | Gained mutation: You sometimes gain power by taking damage.
                  | [demonic ancestry]
 26126 | Snake:3  | Reached XP level 18. HP: 158/158 MP: 31/31
 26147 | Snake:3  | Received a gift from Okawaru
 26395 | Snake:3  | Noticed Jorgrun
 26402 | Snake:3  | Killed Jorgrun
 26668 | Snake:3  | Received a gift from Okawaru
 26739 | Snake:3  | Reached skill level 19 in Fighting
 27017 | Snake:3  | Acquired a manual of Dodging
 27049 | Snake:4  | Entered Level 4 of the Snake Pit
 27386 | Snake:4  | Received a gift from Okawaru
 28052 | Snake:4  | Received a gift from Okawaru
 28292 | Snake:4  | Reached skill level 10 in Dodging
 28297 | Snake:4  | Gained mutation: Your magical and physical power is
                  | slightly enhanced at high health. [demonic ancestry]
 28297 | Snake:4  | Reached XP level 19. HP: 129/168 MP: 32/32
 28401 | Snake:4  | Got a serpentine rune of Zot
 28567 | Swamp:1  | Entered Level 1 of the Swamp
 28655 | Swamp:1  | Reached skill level 20 in Fighting
 28731 | Swamp:1  | Got Sif Muna's Secrets of Forceful Phantasms
 29184 | Swamp:2  | Noticed Roxanne
 29200 | Swamp:2  | Killed Roxanne
 29479 | Swamp:2  | You fall into a shaft and drop 1 floor!
 29481 | Swamp:3  | Received a gift from Okawaru
 30007 | Swamp:2  | Received a gift from Okawaru
 30623 | Swamp:4  | Entered Level 4 of the Swamp
 30691 | Swamp:4  | Got a decaying rune of Zot
 30694 | Swamp:4  | Got a mossy gem
 30694 | Swamp:4  | Lost the mossy gem through Zot's cruel spite.Buggy note
                  | description: unknown note type
 30853 | Swamp:4  | Received a gift from Okawaru
 31392 | Elf:1    | Entered Level 1 of the Elven Halls
 32057 | Elf:2    | Reached skill level 21 in Fighting
 32205 | Elf:2    | Reached XP level 20. HP: 180/180 MP: 33/33
 32239 | Elf:2    | Found a runed translucent gate.
 32239 | Elf:2    | Found a runed translucent gate.
 32239 | Elf:2    | Found a runed translucent gate.
 32287 | Elf:2    | Received a gift from Okawaru
 32364 | Elf:2    | Paralysed by an air elemental for 1 turns
 32636 | Elf:3    | Entered Level 3 of the Elven Halls
 33079 | Elf:3    | Identified the +0 robe "Kuotso" {rN+++ Will+ Str+3 Dex-2}
 33604 | Elf:3    | Received a gift from Okawaru
 33757 | Elf:3    | Reached skill level 15 in Dodging
 34043 | Elf:3    | Identified the ring "Bukelaussi" {rElec rPois rF- Int+3
                  | SInv}
 34066 | Elf:3    | Identified the ring "Orchuf" {Ice Str+3 Slay+3}
 34078 | Elf:3    | Received a gift from Okawaru
 34142 | Elf:3    | Identified the ring "Maromn" {Fly MP+9 Dex+3}
 34172 | Elf:3    | Identified the staff of Weyb {Conj Earth Poison}
 34176 | Elf:3    | Identified the +3 orcbow of Honour {heavy, Str-3 Int+2
                  | Dex+2}
 34184 | Elf:3    | Identified the +2 mace "Podewaw" {protect, Dex+7 SInv}
 34535 | Vaults:1 | Entered Level 1 of the Vaults
 34733 | Vaults:1 | Reached skill level 1 in Evocations
 34993 | Vaults:1 | Reached skill level 22 in Fighting
 35015 | Vaults:1 | Received a gift from Okawaru
 35102 | Vaults:1 | Identified the +9 short sword of Ceheh {antimagic, rElec
                  | SInv}
 35180 | Vaults:1 | Identified the ring "Enajasi" {Will+ Str+3}
 35257 | Vaults:1 | Reached XP level 21. HP: 173/189 MP: 34/34
 35639 | Vaults:1 | Found Itumaix's Book Emporium.
 35891 | Vaults:2 | Reached skill level 5 in Evocations
 35997 | Vaults:2 | Received a gift from Okawaru
 36184 | Vaults:2 | Found Zankosi's Armour Boutique.
 36269 | Vaults:2 | Noticed Mennas
 36398 | Vaults:2 | Killed Mennas
 36569 | Vaults:2 | Received a gift from Okawaru
 36608 | Vaults:2 | Found Golomiuh's Jewellery Shop.
 36669 | Vaults:2 | Paralysed by a formless jellyfish for 1 turns
 36747 | Vaults:2 | Reached skill level 10 in Armour
 37243 | Vaults:3 | Noticed Nikola
 37249 | Vaults:3 | Killed Nikola
 37328 | Vaults:3 | Found a magical portal.
 37336 | WizLab   | Entered The Hall of the Hellbinder
 37397 | WizLab   | Received a gift from Okawaru
 37421 | WizLab   | Noticed a dread lich
 37529 | WizLab   | Noticed Lad Miek
 37537 | WizLab   | Killed Lad Miek the Hellbinder
 37549 | WizLab   | Identified the +9 demon blade of Xom's Reproof {freeze,
                  | rC++}
 37606 | WizLab   | Found a burning altar of Makhleb.
 37912 | Vaults:3 | Reached skill level 23 in Fighting
 38479 | Vaults:3 | Received a gift from Okawaru
 38490 | Vaults:3 | Noticed Zenata
 38623 | Vaults:3 | Killed Zenata
 38945 | Vaults:3 | Found a staircase to the Crypt.
 38945 | Vaults:3 | Found a basalt altar of Yredelemnul.
 38946 | Vaults:3 | Found an ancient bone altar of Kikubaaqudgha.
 39287 | Vaults:4 | Gained mutation: You are powered by pain. [demonic
                  | ancestry]
 39287 | Vaults:4 | Reached XP level 22. HP: 200/200 MP: 35/35
 39363 | Vaults:4 | Noticed Donald
 39366 | Vaults:4 | Killed Donald
 39609 | Vaults:4 | Received a gift from Okawaru
 39694 | Vaults:4 | Found a portal to a secret trove of treasure.
 40101 | Vaults:4 | Found Soewan's General Store.
 40432 | Depths:1 | Entered Level 1 of the Depths
 40432 | Depths:1 | Found Jatum's General Store.
 40580 | Depths:1 | Found a gateway to Hell.
 40610 | Depths:1 | Found Roaliw's Assorted Antiques.
 40616 | Depths:1 | Bought a potion of haste for 350 gold pieces
 40616 | Depths:1 | Bought a scroll of teleportation for 105 gold pieces
 40616 | Depths:1 | Bought a scroll of enchant weapon for 262 gold pieces
 40651 | Depths:1 | Reached skill level 10 in Evocations
 40679 | Depths:1 | Received a gift from Okawaru
 40748 | Depths:1 | Noticed Bai Suzhen
 40891 | Depths:1 | Found a gateway to a bazaar.
 41060 | Depths:1 | Killed Bai Suzhen
 41092 | Depths:1 | Found Tocwivi's Magic Scroll Emporium.
 41100 | Depths:1 | Bought 2 scrolls of acquirement for 1768 gold pieces
 41100 | Depths:1 | Bought a scroll of teleportation for 51 gold pieces
 41100 | Depths:1 | Bought a scroll of immolation for 68 gold pieces
 41100 | Depths:1 | Bought a scroll of vulnerability for 68 gold pieces
 41100 | Depths:1 | Bought a scroll of torment for 161 gold pieces
 41107 | Depths:1 | Acquired 820 gold pieces
 41109 | Depths:1 | Acquired a manual of Ranged Weapons
 41137 | Depths:1 | Found Xuics's Antique Weapon Boutique.
 41479 | Bazaar   | Entered a bazaar
 41484 | Bazaar   | Found Ziwedas's Assorted Antiques.
 41490 | Bazaar   | Bought a scroll of enchant weapon for 165 gold pieces
 41490 | Bazaar   | Bought a scroll of fog for 88 gold pieces
 41514 | Bazaar   | Found Qepresch's Distillery.
 41520 | Bazaar   | Bought a potion of cancellation for 72 gold pieces
 41543 | Bazaar   | Found Cyany's Book Shop.
 41543 | Bazaar   | Found Osigu's Assorted Antiques.
 41684 | Depths:2 | Found a one-way gate leading to the halls of Pandemonium.
 41734 | Depths:2 | Noticed Mara
 41741 | Depths:2 | Killed Mara
 41741 | Depths:2 | Received a gift from Okawaru
 41828 | Depths:2 | Acquired the +0 pair of gloves of the Game of Life {-Cast
                  | Regen+ rCorr Stlth-}
 41872 | Depths:2 | Noticed Asterion
 41875 | Depths:2 | Killed Asterion
 41922 | Depths:2 | Found a transporter.
 41923 | Depths:2 | Found a transporter.
 42109 | Depths:2 | Reached skill level 24 in Fighting
 42124 | Depths:2 | Found a transporter.
 42130 | Depths:2 | Found a transporter.
 42134 | Depths:2 | Found a viscous altar of Jiyva.
 42182 | Depths:2 | Found a transporter.
 42188 | Depths:2 | Found a transporter.
 42270 | Depths:2 | Found a transporter.
 42272 | Depths:2 | Found a transporter.
 42705 | Depths:3 | Found a one-way gate to the infinite horrors of the Abyss.
 42935 | Depths:3 | You fall into a shaft and drop 1 floor!
 42935 | Depths:4 | Entered Level 4 of the Depths
 42935 | Depths:4 | Found a one-way gateway to a ziggurat.
 42984 | Depths:3 | Noticed Vv
 42994 | Depths:3 | Killed Vv
 42994 | Depths:3 | Received a gift from Okawaru
 43109 | Depths:3 | Reached XP level 23. HP: 177/209 MP: 36/36
 43847 | Depths:4 | Received a gift from Okawaru
 44054 | Depths:4 | Found a gate to the Realm of Zot.
 44602 | Crypt:1  | Entered Level 1 of the Crypt
 44963 | Crypt:1  | Received a gift from Okawaru
 46049 | Crypt:2  | Received a gift from Okawaru
 46083 | Crypt:2  | Reached skill level 25 in Fighting
 46401 | Crypt:2  | Noticed an ancient lich
 46410 | Crypt:2  | Killed an ancient lich
 46597 | Crypt:3  | Entered Level 3 of the Crypt
 46864 | Crypt:3  | Noticed Frederick
 46876 | Crypt:3  | Killed Frederick
 46895 | Crypt:3  | Received a gift from Okawaru
 46933 | Crypt:3  | Found a basalt altar of Yredelemnul.
 46986 | Crypt:3  | Reached skill level 15 in Armour
 46986 | Crypt:3  | Gained mutation: You are completely covered in molten
                  | scales. (AC +4, rF+) [demonic ancestry]
 46986 | Crypt:3  | Reached XP level 24. HP: 184/221 MP: 36/36
 47128 | Crypt:3  | Got Gloorx Vloq's Annotations on the Catacomb
 47142 | Crypt:3  | Identified the ring "Katsisto" {rN+ Str-5 Dex+2 Stlth+}
 47145 | Crypt:3  | Identified the ring of Tulips {*Corrode rN+ Str+3 Int+2}
 47145 | Crypt:3  | Identified the ring of Hyotariarhy {rN+ Will+ Stlth+}
 47415 | Crypt:3  | Noticed Jory
 47772 | Crypt:3  | Killed Jory
 47861 | Crypt:3  | Found a staircase to the Tomb.
 48571 | Vaults:5 | Entered Level 5 of the Vaults
 48582 | Vaults:5 | Received a gift from Okawaru
 48597 | Vaults:5 | Reached skill level 26 in Fighting
 48683 | Vaults:5 | Received a gift from Okawaru
 48792 | Vaults:5 | Noticed a dread lich
 48810 | Vaults:5 | Killed a dread lich
 48850 | Vaults:5 | Received a gift from Okawaru
 49025 | Vaults:5 | Identified the ring of Nejeogg {+Blink rElec Will++ Str+6
                  | Stlth-}
 49054 | Vaults:5 | Got a silver rune of Zot
 49179 | Vaults:5 | Identified the +1 battleaxe of Riorchihe {pain, *Corrode
                  | rC+ rN+}
 49182 | Vaults:5 | Noticed an ancient lich
 49183 | Vaults:5 | Identified the +8 longbow of Foolhardiness {elec, Int+4}
 49196 | Vaults:5 | Killed an ancient lich
 49197 | Vaults:5 | Gained mutation: Your magical and physical power is
                  | enhanced at high health. [demonic ancestry]
 49197 | Vaults:5 | Reached XP level 25. HP: 121/232 MP: 36/36
 49251 | Vaults:5 | Noticed a dread lich
 49266 | Vaults:5 | Killed a dread lich
 49395 | Vaults:5 | Reached skill level 27 in Fighting
 49430 | Vaults:5 | Identified the +2 pair of boots "Lalilas" {rPois rCorr
                  | Dex-2}
 49435 | Vaults:5 | Received a gift from Okawaru
 49473 | Vaults:5 | Identified the +0 plate armour "Odic" {rCorr Str+8 Dex-3
                  | Slay+2}
 49474 | Vaults:5 | Identified the +0 quarterstaff "Ogrebane" {flame, Str+4
                  | SInv}
 49492 | Vaults:5 | Identified the staff "Tiepe" {Int+4 Dex-2 Conj Tloc}
 50310 | Slime:1  | Entered Level 1 of the Pits of Slime
 50592 | Slime:2  | Gained mutation: You have very sharp teeth. [a shining eye]
 50593 | Slime:2  | Gained mutation: You are frail. (-10% HP) [a shining eye]
 51147 | Slime:2  | Received a gift from Okawaru
 51469 | Slime:4  | Found a viscous altar of Jiyva.
 51487 | Slime:4  | Gained mutation: Your health recovers twice as slowly from
                  | being drained. [a shining eye]
 51501 | Slime:4  | Gained mutation: You are very frail. (-20% HP) [a shining
                  | eye]
 51510 | Slime:4  | Gained mutation: You are dopey. (Int -2) [a shining eye]
 51850 | Slime:4  | Lost mutation: You have very sharp teeth. [potion of
                  | mutation]
 51850 | Slime:4  | Lost mutation: You are dopey. (Int -2) [potion of mutation]
 51850 | Slime:4  | Gained mutation: You are clumsy. (Dex -2) [potion of
                  | mutation]
 51850 | Slime:4  | Gained mutation: You are vulnerable to cold. (rC-) [potion
                  | of mutation]
 51867 | Slime:5  | Entered Level 5 of the Pits of Slime
 52267 | D:13     | Bought a potion of mutation for 104 gold pieces
 52267 | D:13     | Lost mutation: Your health recovers twice as slowly from
                  | being drained. [potion of mutation]
 52267 | D:13     | Lost mutation: You are clumsy. (Dex -2) [potion of
                  | mutation]
 52267 | D:13     | Gained mutation: Your muscles are strong. (Str +4, Int/Dex
                  | -1) [potion of mutation]
 52267 | D:13     | Gained mutation: You have sharp toenails. [potion of
                  | mutation]
 52685 | Slime:5  | Gained mutation: You are clumsy. (Dex -2) [a shining eye]
 52791 | Slime:5  | Found a viscous altar of Jiyva.
 52802 | Slime:5  | Noticed the Royal Jelly
 52886 | Slime:5  | Killed the Royal Jelly
 53078 | Slime:5  | Received a gift from Okawaru
 53227 | Slime:5  | Identified the +0 troll leather armour of a treasure trove
                  | {Harm rElec Will- Regen+ Dex+2}
 53231 | Slime:5  | Identified the +0 robe of Gravitas {Rampage Slay+3}
 53308 | Slime:5  | Identified the +6 great sword of Peace {spect, rElec rF+
                  | Int+3}
 53363 | Slime:5  | Identified the +6 scale mail of Okawaru's Respect {rElec
                  | Int+3}
 53380 | Slime:5  | Got a slimy rune of Zot
 53410 | Slime:5  | Identified the +2 robe of Ethamygu {rElec rPois Will-}
 54636 | Depths:3 | Voluntarily entered the Abyss.
 54637 | Abyss:1  | Found a corrupted altar of Lugonu.
 55318 | Abyss:4  | Received a gift from Okawaru
 55351 | Abyss:4  | Gained mutation: Your magical and physical power is greatly
                  | enhanced at high health. [demonic ancestry]
 55351 | Abyss:4  | Reached XP level 26. HP: 193/193 MP: 10/36
 55370 | Abyss:4  | Found a corrupted altar of Lugonu.
 55422 | Abyss:4  | Got an abyssal rune of Zot
 55440 | Depths:3 | Escaped the Abyss
 55562 | Zot:1    | Entered Level 1 of the Realm of Zot
 56338 | Zot:2    | Received a gift from Okawaru
 57126 | Zot:2    | Noticed an orb of fire
 57132 | Zot:2    | Gained mutation: Your health recovers twice as slowly from
                  | being drained. [an orb of fire]
 57133 | Zot:2    | Killed an orb of fire
 57928 | Zot:3    | Received a gift from Okawaru
 58492 | Zot:3    | Reached skill level 15 in Evocations
 58508 | Zot:3    | Received a gift from Okawaru
 59024 | Zot:4    | Noticed an orb of fire
 59032 | Zot:4    | Gained mutation: Your body sometimes deteriorates upon
                  | taking damage. [an orb of fire]
 59038 | Zot:4    | Killed an orb of fire
 59333 | Zot:4    | Found a runed translucent gate.
 59333 | Zot:4    | Found a runed translucent gate.
 59333 | Zot:4    | Found an opulent altar of Gozag.
 59334 | Zot:4    | Found a runed translucent gate.
 59338 | Zot:4    | Noticed Qaniympis's ghost (veteran DgEE)
 59632 | Zot:4    | Reached XP level 27. HP: 157/199 MP: 36/36
 59632 | Zot:4    | Received a gift from Okawaru
 59703 | Zot:4    | Found Niymunt's Assorted Antiques.
 60045 | Zot:5    | Entered Level 5 of the Realm of Zot
 60067 | Zot:4    | HP: 6/186 [shadow dragon/bolt of negative energy (19)]
 60446 | Zot:5    | Received a gift from Okawaru
 61053 | Zot:5    | Identified the +0 quarterstaff of Building Peril {speed,
                  | Str+3}
 61154 | Zot:5    | Noticed an orb of fire
 61158 | Zot:5    | Noticed an orb of fire
 61159 | Zot:5    | Gained mutation: Your spells are a little easier to cast,
                  | but a little less powerful. [an orb of fire]
 61161 | Zot:5    | Gained mutation: You sometimes lose your temper in combat.
                  | [an orb of fire]
 61161 | Zot:5    | Noticed an orb of fire
 61164 | Zot:5    | Killed an orb of fire
 61167 | Zot:5    | Gained mutation: Your body often deteriorates upon taking
                  | damage. [an orb of fire]
 61169 | Zot:5    | Noticed a dread lich
 61176 | Zot:5    | Killed an orb of fire
 61179 | Zot:5    | Killed an orb of fire
 61179 | Zot:5    | Received a gift from Okawaru
 61393 | Zot:5    | Noticed an ancient lich
 61394 | Zot:5    | Noticed an orb of fire
 61396 | Arena    | Entered the Arena
 61396 | Arena    | Gained mutation: Armour fits poorly on your strangely
                  | shaped body. [an orb of fire]
 61401 | Arena    | Gained mutation: Your spells are easier to cast, but less
                  | powerful. [an orb of fire]
 61402 | Arena    | Killed an orb of fire
 61532 | Zot:5    | Noticed an ancient lich
 61538 | Zot:5    | Killed an ancient lich
 61544 | Zot:5    | Killed an ancient lich
 61545 | Zot:5    | Noticed a dread lich
 61549 | Zot:5    | Killed a dread lich
 61553 | Zot:5    | Killed a dread lich
 61641 | Zot:5    | Received a gift from Okawaru
 61876 | Zot:5    | Noticed an orb of fire
 61879 | Zot:5    | Gained mutation: You are dopey. (Int -2) [an orb of fire]
 61885 | Zot:5    | Killed an orb of fire
 61896 | Zot:5    | HP: 9/199 [Killer Klown/klown pie (7)]
 61897 | Zot:5    | Killed from afar by a Killer Klown

Illustrated notes

Levels and vault maps discovered:
D:1:      heliophobic_arrival_glass_houses, layout_loops_ring
D:2:      layout_loops_cross, hellmonk_ecumenical_altar_watching_god,
          basic_altar, nicolae_wormholes, uniq_natasha, uniq_sigmund
D:3:      layout_basic, ashenzari_altar_1, elyvilon_altar_3, minmay_cupped,
          uniq_grinder, uniq_terence
D:4:      layout_basic, ebering_ghost_rock_garden, uniq_pikel
D:5:      minmay_recursive_quarters, layout_basic
D:6:      minmay_cornered_nines, layout_basic, mainiacjoe_overflow_24_doors,
          general_overflow_altar, mainiacjoe_overflow_tiny_flanked,
          minmay_temple_entry_mist, uniq_prince_ribbit1, uniq_duvessa
D:7:      layout_gridville, mainiacjoe_overflow_concentric_impassable,
          mainiacjoe_overflow_catwalk, minmay_microvault
D:8:      layout_basic, grunt_temple_overflow_holy_war, erik_lair_island,
          gammafunk_ghost_wrathful_warriors, uniq_amaemon
D:9:      layout_big_octagon, serial_gnoll_camp, gnoll_camp_huts_moat,
          gnoll_camp_mini_doghouse, gnoll_camp_mini_sergeant,
          gnoll_camp_mini_shop, gnoll_camp_medium_02, gnoll_camp_mini_hut,
          minivault_7
D:10:     layout_basic, serial_library_hellmonk_reading_circle,
          interstate_on_off, uniq_maggie
D:11:     layout_roguey [special_room_orc], grunt_potential, uniq_psyche
D:12:     layout_gridville
D:13:     layout_rooms, gammafunk_ghost_arena, serial_shops,
          nicolae_stop_n_shop_2
D:14:     ragdoll_tomb_raider, layout_irregular_city,
          hangedman_vaults_entry_quadrant_bands
D:15:     gammafunk_enter_depths_forms, layout_basic, amethyst_killhole,
          uniq_josephine, uniq_louise
Temple:   oiseaux_autumnal_temple
Lair:1:   layout_misc_corridors, gammafunk_ghost_grave, serial_bayou_shore_a
Lair:2:   layout_hall_layers, guppyfry_snake_entry_island,
          minmay_shattered_shrine, grunt_megastairs_2
Lair:3:   layout_gridlike, skrybe_swamp_entry_bodies, gauntlet_entry_generic,
          basic_altar, portal_ice_cave_entry_ice_simulacra, grunt_megastairs_4
Lair:4:   hellmonk_destroyed_diamonds, layout_loops_ring, slime_entry_1
Lair:5:   evilmike_catoblepas_cave, layout_gridlike,
          nzn_masters_of_martial_movement
Swamp:1:  layout_basic_swamp, hangedman_swamp_diagram, swamp_pool_5
Swamp:2:  layout_falls_marsh, nicolae_swamp_tree_isthmus, swamp_pool_3,
          beargit_elvish_explorers, uniq_roxanne
Swamp:3:  layout_falls_marsh, evilmike_swamp_ruin_rubble_2
Swamp:4:  swamp, layout_basic_swamp, swamp_pool_1_2, infiniplex_staircase_pool
Snake:1:  layout_concentric_octagons, nicolae_integral_box, uniq_aizul
Snake:2:  layout_misc_corridors, nicolae_elevator_lobby_asterisk,
          grunt_megastairs_5
Snake:3:  layout_concentric_octagons, uniq_jorgrun
Snake:4:  grunt_snake_rune_spirals, layout_onion, lemuel_fruit_tree
Slime:1:  layout_caves
Slime:2:  layout_caves
Slime:3:  layout_caves
Slime:4:  layout_caves, basic_altar
Slime:5:  slime_pit_nicolae_block_by_block
Orc:1:    nicolae_orc_accident_3, layout_caves, serial_shops,
          nicolae_shop_crystal, uniq_erolcha, uniq_urug
Orc:2:    st_orc_elflike, layout_diamond_mine, nicolae_orc_tapped_out
Elf:1:    minmay_elf_arrival_plus, layout_loops_cross, nicolae_elf_crossing_hall
Elf:2:    elven_hall_of_blades_hangedman_original
          [nicolae_blade_entry_floor_patterns], layout_geoelf_grid,
          minmay_librarian
Elf:3:    minmay_elf_hall_circle, layout_onion_city, drop_trap
Vaults:1: nicolae_vaults_oval_intersection, ontoclasm_vaults_chip,
          v_alt_pattern_3, nicolae_vaults_asterisk, vaults_room_pool,
          nicolae_vaults_two_Ls, nicolae_vaults_little_squares_2, v_rooms_4,
          v_misc_11, nicolae_vaults_apartment_1, vaults_dpeg_spiral,
          ontoclasm_vaults_pinch, nicolae_vaults_apartment_2, vaults_dpeg_ring,
          nicolae_vaults_storing_the_good_stuff,
          nicolae_vaults_closet_pinwheel_2, nicolae_vaults_variable_pillar_hall,
          layout_vaults_omnibox, serial_shops, nicolae_shop_hallway_plus
Vaults:2: nicolae_vaults_heart-shaped_vault,
          vaults_standard_mumra_enter_the_diamond,
          nicolae_vaults_taking_the_gang_shopping, nicolae_vaults_diamond_2,
          hangedman_vaults_pinch, nicolae_vaults_know_your_exits,
          nicolae_vaults_storage_closets_3, nicolae_vaults_closet_pinwheel_6,
          vaults_mumra_chevron, vaults_dpeg_cross, nicolae_vaults_house_2,
          v_misc_13, layout_vaults_omnicross, serial_shops,
          nicolae_shop_gaudy_bauble, uniq_mennas
Vaults:3: mu_enter_wizlab_6, minmay_crypt_entry_necro_gods,
          nicolae_vaults_network_quinsquares
          [nicolae_vaults_network_quincunx_subvault,
          nicolae_vaults_network_quincunx_subvault,
          nicolae_vaults_network_quincunx_subvault,
          nicolae_vaults_network_quincunx_subvault], st_smaller_cells,
          v_pattern_2, nicolae_vaults_tetromino_T_1,
          nicolae_vaults_storage_room_statues,
          nicolae_vaults_trapezoid_lopsided_1, nicolae_vaults_little_squares_2,
          grunt_vaults_focal, vaults_room_semicircle, nicolae_vaults_house_2,
          layout_vaults_quadrants, uniq_nikola, uniq_zenata
Vaults:4: ontoclasm_vaults_idyll, nicolae_vaults_house_3,
          nicolae_vaults_trapezoid_lopsided_2, v_misc_26, grunt_vaults_twisty,
          nicolae_vaults_tangram_1, hangedman_vaults_restitches,
          nicolae_vaults_little_squares_5, v_misc_24, vaults_room_corners,
          nicolae_vaults_trapezoid_2, vaults_room_grunt_arrival_ludios,
          layout_vaults_ring, serial_shops, shop, nicolae_trove_entry_crossroad,
          uniq_margery, uniq_donald
Vaults:5
Crypt:1:  layout_basic, grunt_crypt_arrival_split
Crypt:2:  layout_gridlike, lemuel_upstairs_altar, grunt_megastairs_3
Crypt:3:  evilmike_haunted_forest, uniq_frederick, uniq_jory
Depths:1: layout_basic, hell_entry, minmay_misc_feat_diagonals, serial_shops,
          bzr_entry_safe, nicolae_shop_waterfront, shop_statue,
          nicolae_shop_hallway_stairs, shop, nicolae_twisting_strands,
          zin_academy, uniq_bai_suzhen
Depths:2: gammafunk_jiyva_shrine, layout_gridville, hellmouth_3,
          serial_sigils_hangedman_stare, pan_entry, serial_nicolae_subway,
          nicolae_sub_station_stone, nicolae_sub_station_crystal,
          nicolae_sub_station_metal, serial_bayou_shore_b, uniq_mara,
          uniq_asterion
Depths:3: mu_elephants_graveyard, layout_gridlike,
          minmay_misc_feat_more_columns, abyss_entry, hell_entry, pan_entry,
          uniq_vv
Depths:4: grunt_x_marks_the_spot, layout_cave_pools, enter_ziggurat_a,
          hell_entry
Zot:1:    layout_basic, regret_index_zotdec_tunneler,
          regret_index_zotdec_stipple_waver, regret_index_zotdec_split_disrupt
Zot:2:    regret_index_malice_mire, layout_cathedral_of_symmetry,
          regret_index_zotdec_abyssal_contain_seething_sorcery, zot_minivault_1
Zot:3:    layout_concentric_octagons
Zot:4:    kennysheep_room_grid, layout_gridlike, ebering_ghost_gozag
Zot:5:    layout_basic

Skill      XL: |  1  2  3  4  5  6  7  8  9 10 11 12 13 14 15 16 17 18 19 20 21 22 23 24 25 26 27 |
---------------+----------------------------------------------------------------------------------+-----
Throwing       | 2 |  2.0
Dodging        | 3 4 6 7 10 13 15 16 18 19 | 19.6
Fighting       | 3 4 5 6 7 8 10 11 13 14 15 17 18 19 21 22 23 24 25 26 27 | 27.0
Ranged Weapons | 2 3 4 5 7 8 10 11 12 14 15 16 17 18 19 20 21 22 | 22.6
Invocations    | 4 8 11 13 15 17 19 | 19.2
Armour         | 4 5 7 8 11 13 15 17 19 20 21 | 21.8
Evocations     | 4 9 10 13 15 17 | 17.4
Long Blades    | |  2.8

Action                     |  1- 3 |  4- 6 |  7- 9 | 10-12 | 13-15 | 16-18 | 19-21 | 22-24 | 25-27 || total
---------------------------+-------+-------+-------+-------+-------+-------+-------+-------+-------++-------
  Melee: Long sword        |    72 |    18 |   141 |    33 |       |       |       |       |       ||   264
         Punch             |     1 |     2 |     2 |     3 |     1 |       |       |       |       ||     9
         Headbutt          |       |     2 |    27 |    51 |    19 |       |       |       |     2 ||   101
         Demon whip        |       |       |       |   127 |    82 |       |       |       |       ||   209
         Scimitar          |       |       |       |     1 |       |       |       |       |       ||     1
         Longbow           |       |       |       |       |       |       |       |       |     3 ||     3
   Fire: Sling             |    51 |   139 |   292 |   174 |       |       |       |       |       ||   656
         Orcbow            |       |       |       |   612 |    52 |       |       |       |       ||   664
         Arbalest          |       |       |       |     7 |   141 |       |       |       |       ||   148
         Longbow           |       |       |       |       |   587 |   613 |  1097 |  1419 |  1508 ||  5224
  Throw: Throwing net      |       |       |       |       |     2 |       |       |       |       ||     2
 Invoke: Heroism           |       |       |       |     1 |     2 |     1 |     4 |       |       ||     8
         Finesse           |       |       |       |     1 |       |     1 |     4 |     6 |     6 ||    18
         Receive Weapon    |       |       |       |       |     1 |       |       |       |       ||     1
         Receive Armour    |       |       |       |       |     1 |       |       |       |       ||     1
         Duel              |       |       |       |       |       |       |       |       |     1 ||     1
  Evoke: Wand              |       |       |       |     1 |       |       |       |       |       ||     1
         Lightning rod     |       |       |       |       |       |       |     3 |     3 |     2 ||     8
    Use: Potion            |       |     1 |       |     2 |     3 |     3 |     5 |     1 |    11 ||    26
         Scroll            |       |       |     9 |     8 |    16 |     7 |     8 |     9 |    13 ||    70
   Stab: Sleeping          |     2 |       |       |       |       |       |       |       |       ||     2
 Armour: Leather armour    |    14 |       |       |       |       |       |       |       |       ||    14
         Ring mail         |    41 |    53 |   217 |    52 |       |       |       |       |       ||   363
         Skin              |     2 |       |       |       |       |       |       |       |       ||     2
         Chain mail        |       |       |       |   575 |   857 |   412 |   632 |   884 |   919 ||  4279
         Gold dragon scale |       |       |       |       |       |       |       |       |   520 ||   520
  Dodge: Dodged            |    67 |    67 |   245 |   403 |   468 |   189 |   376 |   711 |  1162 ||  3688

Table legend: (Time is in decaauts)
 A = Elapsed time spent in this place.
 B = Non-inter-level travel time spent in this place.
 C = Inter-level travel time spent in this place.
 D = Time resting spent in this place.
 E = Time spent auto-exploring this place.
 F = Levels seen in this place.
 G = Mean time per level.
                   A        B        C        D        E       F      G
               +--------+--------+--------+--------+--------+-----+--------+
         Total |  64779 |  60098 |   4681 |  11753 |  32466 |  65 |  996.6 |
       Dungeon |  17668 |  16151 |   1517 |   3600 |   8861 |  15 | 1177.9 |
        Temple |     56 |      1 |     55 |      0 |      0 |   1 |   56.0 |
          Lair |   5730 |   5062 |    668 |    590 |   3331 |   5 | 1146.0 |
         Swamp |   3076 |   2877 |    199 |    453 |   1839 |   4 |  769.0 |
     Snake Pit |   4685 |   4413 |    272 |    836 |   2529 |   4 | 1171.2 |
    Slime Pits |   3814 |   3436 |    378 |    597 |   1873 |   5 |  762.8 |
  Orcish Mines |   1767 |   1661 |    106 |    272 |    803 |   2 |  883.5 |
   Elven Halls |   3056 |   2924 |    132 |    779 |    894 |   3 | 1018.7 |
        Vaults |   7260 |   6692 |    568 |    839 |   4177 |   5 | 1452.0 |
         Crypt |   4043 |   3858 |    185 |    415 |   2446 |   3 | 1347.7 |
        Depths |   4177 |   3708 |    469 |    762 |   2111 |   4 | 1044.2 |
           Zot |   6512 |   6384 |    128 |   1831 |   2964 |   5 | 1302.4 |
         Abyss |    814 |    814 |      0 |    129 |      0 |   4 |  203.5 |
        Bazaar |     89 |     89 |      0 |      0 |     74 |   1 |   89.0 |
      Ice Cave |   1122 |   1122 |      0 |    429 |    346 |   1 | 1122.0 |
        Wizlab |    415 |    415 |      0 |     63 |    156 |   1 |  415.0 |
      Gauntlet |    460 |    460 |      0 |    130 |     59 |   1 |  460.0 |
         Arena |     28 |     28 |      0 |     23 |      0 |   1 |   28.0 |
               +--------+--------+--------+--------+--------+-----+--------+

Top non-repeatable levels by time:
     D:9: 2311 daAuts
 Crypt:3: 1923 daAuts
     D:8: 1884 daAuts
   Zot:2: 1710 daAuts
 Slime:5: 1689 daAuts
Vaults:3: 1571 daAuts
 Snake:4: 1541 daAuts
 Snake:3: 1522 daAuts
    D:14: 1520 daAuts
   Zot:5: 1496 daAuts
Depths:3: 1490 daAuts
   Zot:4: 1490 daAuts
Vaults:2: 1483 daAuts
Vaults:1: 1479 daAuts
Vaults:5: 1447 daAuts
